 Dungeon Crawl Stone Soup version 0.30-a0-272-gf98c3da03f (webtiles) character file.

Game seed: 6307907855182871102

5772 billz999 the Covert (level 10, -2/63 HPs)
             Began as a Vampire Earth Elementalist on Oct 15, 2022.
             Was a Believer of Kikubaaqudgha.
             Slain by a yak (13 damage)
             ... on level 8 of the Dungeon.
             The game lasted 00:26:48 (12761 turns).

billz999 the Covert (Vampire Earth Elementalist)   Turns: 12761, Time: 00:26:49

Health: -2/63      AC:  5    Str:  7    XL:     10   Next: 49%
Magic:  19/22      EV: 12    Int: 23    God:    Kikubaaqudgha [**....]
Gold:   308        SH:  0    Dex: 14    Spells: 21/26 levels left

rFire   . . .      SeeInvis +    g - +0 dagger
rCold   . . .      Faith    .    (no shield)
rNeg    . . .      Spirit   .    a - +0 robe
rPois   .          Reflect  .    l - +1 helmet
rElec   .          Harm     .    q - scarf {shadows}
rCorr   .          Rampage  .    t - +0 pair of gloves
Will    +....                    (no boots)
Stlth   ++++......               (no amulet)
HPRegen 0.50/turn                (no ring)
MPRegen 0.18/turn                (no ring)

@: healing quickly
A: alive, fangs 3, see invisible, vampiric 2
a: Exsanguinate, Renounce Religion, Unearth Wretches


You were on level 8 of the Dungeon.
You worshipped Kikubaaqudgha.
Kikubaaqudgha was pleased with you.
You visited 2 branches of the dungeon, and saw 10 of its levels.

You collected 458 gold pieces.
You spent 150 gold pieces at shops.

Inventory:

Hand Weapons
 g - a +0 dagger (weapon)
 k - a +2 vorpal falchion
 y - the +9 war axe of Dithmenos's Regard {venom, rF- Str+5 Dex+4}
   (You took it off an orc warrior on level 7 of the Dungeon)

   It poisons the flesh of those it strikes.
   Str:       It affects your strength (+5).
   Dex:       It affects your dexterity (+4).
   rF:        It makes you vulnerable to fire.
Missiles
 r - 7 poisoned darts
Armour
 a - a +0 robe (worn)
 l - a +1 helmet (worn)
 q - a scarf of shadows (worn)
 t - a +0 pair of gloves (worn)
Jewellery
 x - an amulet of faith
Wands
 p - a wand of quicksilver (15)
 C - a wand of charming (10)
 D - a wand of flame (24)
 E - a wand of iceblast (2)
Scrolls
 c - 2 scrolls of fog
 d - 2 scrolls of torment {unknown}
 e - 2 scrolls of enchant weapon
 i - 2 scrolls of poison
 j - a scroll of summoning {unknown}
 m - 4 scrolls of magic mapping
 o - a scroll of fear
 s - a scroll of silence {unknown}
 u - a scroll of noise
 v - 2 scrolls of amnesia
Potions
 f - 3 potions of might
 h - a potion of brilliance {unknown}
 n - 2 potions of ambrosia {unknown}
 w - a potion of experience {unknown}
 z - a potion of haste {unknown}
 A - a potion of attraction {unknown}
 B - a potion of cancellation {unknown}


   Skills:
 + Level 2.8 Short Blades
 - Level 2.1 Dodging
 - Level 9.3 Stealth
 - Level 8.6 Spellcasting
 + Level 3.6 Necromancy
 - Level 7.0 Transmutations
 - Level 9.2 Earth Magic


You had 21 spell levels left.
You knew the following spells:

 Your Spells              Type           Power      Damage    Failure   Level
a - Sandblast             Erth           100%       2d20      1%          1
b - Petrify               Tmut/Erth      47%        N/A       2%          4

Your spell library contained the following spells:

 Spells                   Type           Power      Damage    Failure   Level
 Beastly Appendage        Tmut           84%        N/A       1%          1
 Necrotise                Necr           100%       1d9       1%          1
 Passwall                 Tmut/Erth      39%        N/A       1%          2
 Wereblood                Tmut           42%        N/A       1%          2
 Kiss of Death            Conj/Necr      72%        2d10      3%          1
 Stone Arrow              Conj/Erth      62%        3d10      3%          3
 Spider Form              Tmut/Pois      26%        N/A       4%          3
 Vampiric Draining        Necr           26%        2d7       4%          3
 Cigotuvi's Dreadful Rot  Necr/Pois/Air  30%        N/A       6%          2
 Apportation              Tloc           18%        N/A       7%          1
 Foxfire                  Conj/Fire      36%        2x1d5     7%          1
 Slow                     Hex            36%        N/A       7%          1
 Poisonous Vapours        Pois/Air       18%        N/A       10%         2
 Dispel Undead            Necr           26%        3d13      14%         4
 Mephitic Cloud           Conj/Pois/Air  9%         N/A       21%         3
 Alistair's Intoxication  Tmut/Pois      17%        N/A       41%         5
 Yara's Violent Unravell  Hex/Tmut       13%        3d7       41%         5
 Death Channel            Necr           13%        N/A       91%         6
 Enfeeble                 Hex            4%         N/A       100%        7


Dungeon Overview and Level Annotations

Branches:
Dungeon (9/15)             Temple (1/1) D:6
   Lair: D:8-11         Orc: D:9-12

Altars:
Ashenzari
Cheibriados
Dithmenos
Fedhas
Gozag
Hepliaklqana
Kikubaaqudgha
Makhleb
Nemelex Xobeh
Okawaru
Qazlal
Ru
Sif Muna
Trog
Uskayaw
Vehumet
Wu Jian
Xom
Yredelemnul

Shops:
D:7 !

Annotations:
D:9 exclusion: oklob plant


Innate Abilities, Weirdness & Mutations

Your natural rate of healing is accelerated.
You have razor-sharp teeth.
You have supernaturally acute eyesight. (SInv)
You are afflicted with vampirism and can become a bat while bloodless.


Message History

The yak attacks as you move away! The yak gores you!
The yak stops moving altogether!
Casting: Petrify (dangerous; 2% risk of failure)
Confirm with . or Enter, or press ? or * to list all spells.
Aiming: Petrify (dangerous; 2% risk of failure)
Press: ? - help, Shift-Dir - straight line, f/p - yak
Aim: a yak (petrified, chance to affect: 70%)
The yak is moving more slowly.
The yak gores you! The yak completely misses you.
Casting: Petrify (dangerous; 2% risk of failure)
Confirm with . or Enter, or press ? or * to list all spells.
Aiming: Petrify (dangerous; 2% risk of failure)
Press: ? - help, Shift-Dir - straight line, f - yak, p - yak
Aim: a yak (chance to affect: 70%)
The yak struggles to resist.
The yak stops moving altogether!
The yak completely misses you.
Your magical contamination has completely faded away.
The yak attacks as you move away! The yak closely misses you.
The yak attacks as you move away! The yak gores you.
The yak attacks as you move away! The yak gores you!
There is a stone staircase leading up here.
The yak closely misses you.
You climb upwards.
There is a stone staircase leading down here.
The yak gores you.
There is an open door here.
The yak attacks as you move away! The yak closely misses you.
The yak attacks as you move away! The yak gores you!
The yak attacks as you move away! The yak gores you!
* * * LOW HITPOINT WARNING * * *
Magic courses through your body. The yak gores you.
* * * LOW HITPOINT WARNING * * *
Casting: Petrify (dangerous; 2% risk of failure)
Confirm with . or Enter, or press ? or * to list all spells.
Aiming: Petrify (dangerous; 2% risk of failure)
Press: ? - help, Shift-Dir - straight line, f - yak
Aim: a yak (chance to affect: 70%)
The yak struggles to resist.
The yak gores you!
You die...
Kikubaaqudgha rasps: "You have failed me!
Welcome... death!"

#.###'####..###....#
#...........###....####
..##..........#.......#
..##.......#..'....##.#
..##.......##.#....##.#
..##.......##.#>......#
..##.......##.#########
~~~#.......##.#####
≈≈≈~##.....##..Y@)#
≈.~~_#.....######)###
≈≈≈~##.....##.....).###
~~~#.......##.###.#)..#
####..)....##.....#)..#
#.......########.[.#
#########
#...##########
#..<..##.....#
#.###.#..###.##


You could see a yak.

Vanquished Creatures
  Pikel (D:6)
  A manticore (D:7)
  A cyclops (D:7)
  Maurice (D:8)
  Joseph (D:8)
  An unseen horror (D:7)
  A wyvern (D:8)
  A steam dragon (D:7)
  3 water moccasins
  An ice beast (D:7)
  An orc warrior (D:7)
  A black bear (D:7)
  A sky beast (D:6)
  2 ogres (D:7)
  4 centaurs
  2 phantoms
  A lemure (D:5)
  Blork the orc (D:5)
  A necrophage (D:6)
  7 bullfrogs
  A gnoll sergeant (D:8)
  4 wights (D:9)
  An oklob sapling (D:9)
  4 jellies
  5 orc priests
  A gnoll bouda (D:7)
  2 hounds
  8 iguanas
  9 orc wizards
  Robin (D:2)
  13 adders
  16 gnolls
  5 shadow imps
  A white imp (D:6)
  2 ufetubi (D:6)
  2 dart slugs
  2 worms
  25 orcs
  6 bats
  4 endoplasms
  7 giant cockroaches
  10 goblins
  6 hobgoblins
  5 jackals
  A quokka (D:1)
  14 ball pythons
  5 frilled lizards
  8 kobolds
  7 rats
  A spectral kobold (D:8)
209 creatures vanquished.

Vanquished Creatures (others)
  5 plants (D:9)
5 creatures vanquished.

Grand Total: 214 creatures vanquished

Notes
Turn   | Place    | Note
-------+----------+-------------------------------------------
     0 | D:1      | billz999 the Vampire Earth Elementalist began the quest for
                  | the Orb.
     0 | D:1      | Reached XP level 1. HP: 13/13 MP: 3/3
   309 | D:1      | Reached XP level 2. HP: 19/19 MP: 3/5
   418 | D:1      | Reached skill level 5 in Stealth
   693 | D:1      | Gained mutation: You are afflicted with vampirism and can
                  | become a bat while bloodless. [Vampire growth]
   693 | D:1      | Reached XP level 3. HP: 24/24 MP: 4/6
  1273 | D:2      | Noticed Robin
  1277 | D:2      | Killed Robin
  1445 | D:2      | Reached XP level 4. HP: 25/30 MP: 3/7
  2004 | D:2      | Identified the +2 barding of Urhuf {rPois Dex+3}
  2384 | D:3      | Reached XP level 5. HP: 17/35 MP: 4/8
  3759 | D:3      | Found an ornate altar of the Wu Jian Council.
  3759 | D:3      | Found a hide-covered altar of Uskayaw.
  3759 | D:3      | Found a sacrificial altar of Ru.
  3897 | D:3      | Found a burning altar of Makhleb.
  4346 | D:4      | Learned a level 4 spell: Petrify
  4632 | D:4      | Noticed a phantom
  4647 | D:4      | Killed a phantom
  4648 | D:4      | Reached XP level 6. HP: 38/41 MP: 0/9
  5014 | D:5      | Entered Level 5 of the Dungeon
  5271 | D:5      | HP: 2/41 [iguana (12)]
  5660 | D:5      | Noticed Blork the orc
  5663 | D:5      | Reached skill level 5 in Transmutations
  5676 | D:5      | Killed Blork the orc
  5677 | D:5      | Reached XP level 7. HP: 42/46 MP: 3/11
  6548 | D:6      | Noticed Pikel
  7005 | D:6      | Found a staircase to the Ecumenical Temple.
  7082 | D:6      | Killed Pikel
  7083 | D:6      | Reached skill level 5 in Spellcasting
  7083 | D:6      | Reached skill level 5 in Earth Magic
  7083 | D:6      | Reached XP level 8. HP: 52/52 MP: 8/15
  8038 | D:7      | Found Cotwal's Distillery.
  8079 | D:7      | Bought a potion of heal wounds for 75 gold pieces
  8079 | D:7      | Bought a potion of heal wounds for 75 gold pieces
  8292 | D:7      | Noticed a cyclops
  8295 | D:7      | Noticed a manticore
  8302 | D:7      | Reached XP level 9. HP: 52/57 MP: 10/18
  9455 | D:6      | Found a staircase to the Ecumenical Temple.
  9463 | Temple   | Entered the Ecumenical Temple
  9677 | Temple   | Became a worshipper of Kikubaaqudgha
  9815 | D:7      | Identified the +9 war axe of Dithmenos's Regard {venom, rF-
                  | Str+5 Dex+4}
  9890 | D:7      | Noticed an unseen horror
  9898 | D:7      | Killed an unseen horror
 10202 | D:7      | Killed a cyclops
 10304 | D:7      | Found an opulent altar of Gozag.
 10311 | D:7      | Found an opulent altar of Gozag.
 10311 | D:7      | Found an opulent altar of Gozag.
 10317 | D:7      | Found an opulent altar of Gozag.
 10621 | D:7      | Found a stormy altar of Qazlal.
 11016 | D:7      | Killed a manticore
 11017 | D:7      | Reached XP level 10. HP: 17/63 MP: 7/22
 11391 | D:8      | Noticed Maurice
 11401 | D:8      | Killed Maurice
 11402 | D:8      | Reached skill level 1 in Necromancy
 11445 | D:8      | Got First Steps in Magic
 11488 | D:8      | Reached * piety under Kikubaaqudgha
 11488 | D:8      | Received a gift from Kikubaaqudgha
 11602 | D:8      | Noticed Joseph
 11616 | D:8      | Killed Joseph
 12040 | D:8      | Reached skill level 1 in Short Blades
 12040 | D:8      | Found a shimmering blue altar of Sif Muna.
 12040 | D:8      | Found a radiant altar of Vehumet.
 12164 | D:8      | Found a snail-covered altar of Cheibriados.
 12217 | D:8      | Found a hazy altar of Hepliaklqana.
 12568 | D:9      | Reached ** piety under Kikubaaqudgha
 12605 | D:9      | Noticed an oklob plant
 12761 | D:8      | Slain by a yak

Illustrated notes

Levels and vault maps discovered:
D:1:      minmay_arrival_four_circles, layout_basic, minmay_crystal_water
D:2:      kennysheep_big_flooded_room, layout_basic, uniq_robin
D:3:      layout_loops_ring, lemuel_coloured_pillars_altar,
          gammafunk_temple_overflow_claw, patterned_corridor
D:4:      layout_basic
D:5:      layout_cave_pools, uniq_blork_the_orc
D:6:      layout_basic, temple_hall, uniq_pikel
D:7:      nzn_winding_woodlands_small [nzn_winding_woodlands_5x15_sawtooth,
          nzn_winding_woodlands_center_diamonds,
          nzn_winding_woodlands_5x15_cabin], layout_loops_ring,
          nicolae_gozag_conspicuous_consumption,
          nicolae_qazlal_eye_of_the_storm, minmay_shop_grid_forest
D:8:      layout_basic, kennysheep_slug_shrine,
          nicolae_hepliaklqana_monster_ancestors,
          gammafunk_temple_overflow_elements, uniq_joseph, uniq_maurice
D:9:      layout_cave_pools, hiddenorc2_lemuel, serial_glass, glass_columns_b,
          glass_columns_c, feat_on_display, minmay_strange_pillars,
          minmay_strange_pillars, introduction_to_nature_1
Temple:   nicolae_temple_bog_church

Skill      XL: |  1  2  3  4  5  6  7  8  9 10 |
---------------+-------------------------------+-----
Stealth        | 4 5 6 8 9 |  9.3
Transmutations | 4 5 7 |  7.0
Spellcasting   | 5 6 8 |  8.6
Earth Magic    | 5 6 8 9 |  9.2
Necromancy     | 3 |  3.6
Short Blades   | 2 |  2.8
Dodging        | |  2.1

Action                   |  1- 3 |  4- 6 |  7- 9 | 10-12 || total
-------------------------+-------+-------+-------+-------++-------
Melee: Unarmed           |     2 |       |       |       ||     2
       Dagger            |     7 |     2 |    91 |    62 ||   162
       Falchion          |     1 |    20 |     9 |       ||    30
       Bite              |     1 |     1 |    19 |    10 ||    31
       Punch             |       |       |     1 |       ||     1
       War axe           |       |       |    13 |       ||    13
 Cast: Sandblast         |    55 |   148 |    82 |    42 ||   327
       Petrify           |       |     1 |    53 |    29 ||    83
Evoke: Wand              |       |       |       |     3 ||     3
  Use: Potion            |       |     2 |     6 |     1 ||     9
       Scroll            |       |       |    10 |     3 ||    13
 Stab: Petrified         |       |     2 |    52 |    27 ||    81
       Sleeping          |       |       |     4 |     1 ||     5
       Petrifying        |       |       |    12 |     7 ||    19
Armor: Robe              |     3 |     8 |    27 |     8 ||    46
Dodge: Dodged            |    16 |    76 |    91 |    30 ||   213

Table legend: (Time is in decaauts)
 A = Elapsed time spent in this place.
 B = Non-inter-level travel time spent in this place.
 C = Inter-level travel time spent in this place.
 D = Time resting spent in this place.
 E = Time spent auto-exploring this place.
 F = Levels seen in this place.
 G = Mean time per level.
                   A        B        C        D        E       F      G
               +--------+--------+--------+--------+--------+-----+--------+
         Total |  12956 |  11946 |   1010 |   2452 |   7803 |  10 | 1295.6 |
       Dungeon |  12719 |  11739 |    980 |   2452 |   7607 |   9 | 1413.2 |
        Temple |    236 |    206 |     30 |      0 |    195 |   1 |  236.0 |
               +--------+--------+--------+--------+--------+-----+--------+

Top non-repeatable levels by time:
     D:6: 2461 daAuts
     D:7: 2115 daAuts
     D:2: 1621 daAuts
     D:5: 1333 daAuts
     D:1: 1256 daAuts
     D:3: 1219 daAuts
     D:8: 1166 daAuts
     D:4: 1143 daAuts
     D:9: 401 daAuts
  Temple: 236 daAuts
